 Dungeon Crawl Stone Soup version 0.26-a0-597-gb535b0901c (webtiles) character file.

Game seed: 13711061923227016097

(classic levelgen) 19315 EnegeticOcto the Cleaver (level 12, -10/112 HPs)
             Began as a Deep Dwarf Fighter on Sept 9, 2020.
             Was a High Priest of Makhleb.
             Killed by drain life
             ... invoked by a soul eater
             ... summoned by Frances
              (11 damage)
             ... on level 12 of the Dungeon.
             The game lasted 00:06:58 (7202 turns).

EnegeticOcto the Cleaver (Deep Dwarf Fighter)       Turns: 7202, Time: 00:06:58

Health: -10/112    AC: 12    Str: 24    XL:     12   Next: 35%
Magic:  7/7        EV:  6    Int: 10    God:    Makhleb [*****.]
Gold:   410        SH: 12    Dex: 12    Spells: 11/11 levels left

rFire    + . .     SeeInvis .   a - +6 broad axe
rCold    . . .     Faith    .   c - +0 kite shield
rNeg     . . .     Spirit   .   k - +0 plate armour
rPois    +         Reflect  .   j - +1 helmet
rElec    .         Harm     .   x - scarf {+Inv}
rCorr    .                      (no gloves)
MR       +....                  t - +2 pair of boots
Stlth    ..........             (no amulet)
HPRegen  0.00/turn              r - ring of protection from fire
MPRegen  0.10/turn              u - ring of poison resistance

@: corroded, non-regenerating
A: damage resistance, heal wounds, sense surroundings 2, no regeneration
a: Heal Wounds, Minor Destruction, Lesser Servant of Makhleb, Major Destruction,
Greater Servant of Makhleb, Renounce Religion, Evoke Invisibility


You were on level 12 of the Dungeon.
You worshipped Makhleb.
Makhleb was extremely pleased with you.
You visited 2 branches of the dungeon, and saw 13 of its levels.
You also visited: Bailey.

You collected 674 gold pieces.
You spent 264 gold pieces at shops.

Inventory:

Hand Weapons
 a - a +6 broad axe (weapon)
 y - a +2 war axe of electrocution
 B - the +5 war axe of Balance {holy, rPois rF+ Dex-4 Stlth+}
   (You found it in a bailey)

   It has been blessed by the Shining One to cause great damage to the undead
   and demons.
   It affects your dexterity (-4).
   It protects you from fire.
   It protects you from poison.
   It makes you more stealthy.
Missiles
 z - 2 throwing nets (quivered)
Armour
 c - a +0 kite shield (worn)
 j - a +1 helmet (worn)
 k - a +0 plate armour (worn)
 t - a +2 pair of boots (worn)
 x - a scarf of invisibility (worn)
Jewellery
 r - a ring of protection from fire (left hand)
 u - a ring of poison resistance (right hand)
Wands
 n - a wand of disintegration (19)
 E - a wand of iceblast (11) {@v2}
Scrolls
 e - a scroll of fog
 g - 5 scrolls of remove curse {@r2}
 l - 3 scrolls of immolation {@r4}
 p - 2 scrolls of teleportation {@r3}
Potions
 b - 2 potions of stabbing {@q5}
 d - 4 potions of might {@q3}
 f - 2 potions of magic
 h - 4 potions of curing {@q1}
 i - 3 potions of cancellation {unknown}
 m - 3 potions of mutation
 o - a potion of resistance {@q6}
 q - 2 potions of haste {unknown}
 s - 2 potions of heal wounds {unknown}
 v - a potion of flight {unknown}
 A - a potion of ambrosia {unknown}
 C - a potion of lignification {unknown}
Miscellaneous
 w - a phantom mirror


   Skills:
 + Level 8.5 Fighting
 * Level 13.1 Axes
 + Level 10.0 Armour
 + Level 10.0 Shields
 + Level 9.7 Invocations


You had 11 spell levels left.
You didn't know any spells.
Your spell library was empty.

Dungeon Overview and Level Annotations

Branches:
Dungeon (12/15)            Temple (1/1) D:5            Lair (0/6) D:8
 Bailey (visited)
    Orc: D:9-12

Altars:
Cheibriados
Dithmenos
Fedhas
Gozag
Makhleb
Nemelex Xobeh
Okawaru
Ru
Sif Muna
Trog
Uskayaw
Wu Jian
Yredelemnul
Zin
The Shining One

Shops:
D:11 [

Annotations:
D:12 Frances


Innate Abilities, Weirdness & Mutations

You are resistant to damage.
You can heal yourself by infusing magical energy.
You passively map the area around you.
You do not regenerate.


Message History

You are too injured to fight recklessly!
You are too injured to fight recklessly!
You are too injured to fight recklessly!
You are too injured to fight recklessly!
You are too injured to fight recklessly!
You are too injured to fight recklessly!
You are too injured to fight recklessly!
You are too injured to fight recklessly!
You are too injured to fight recklessly!
You are too injured to fight recklessly!
You are too injured to fight recklessly!
You are too injured to fight recklessly!
You are too injured to fight recklessly!
You are too injured to fight recklessly!
You are too injured to fight recklessly!
You are too injured to fight recklessly!
You are too injured to fight recklessly!
You are too injured to fight recklessly!
You are too injured to fight recklessly!
You are too injured to fight recklessly!
You are too injured to fight recklessly!
You are too injured to fight recklessly!
You are too injured to fight recklessly!
Your magical essence is drained by the effort!
You feel much better. You block Frances's attack.
The hellwing barely misses you. x2; The soul eater hits you!
The hellwing barely misses you. The hellwing completely misses you.
Frances hits you with a +0 long sword.
You closely miss Frances.
Frances is moderately wounded.
You closely miss the soul eater. You hit the hellwing but do no damage.
You hit the hellwing. Frances hits you with a +0 long sword!
The hellwing hits you. You block the hellwing's attack.
The soul eater draws from the surrounding life force!
* * * LOW HITPOINT WARNING * * *
The hellwing hits you but does no damage. x2
You are too injured to fight recklessly!
You are too injured to fight recklessly!
You are too injured to fight recklessly!
You are too injured to fight recklessly!
You are too injured to fight recklessly!
You are too injured to fight recklessly!
You are too injured to fight recklessly!
You are too injured to fight recklessly!
You are too injured to fight recklessly!
You are too injured to fight recklessly!
You are too injured to fight recklessly!
You are too injured to fight recklessly!
You are too injured to fight recklessly!
You are too injured to fight recklessly!
You feel much better.
Frances whispers indecipherable words.
The iron shot hits you!! You block the hellwing's attack. x2
The soul eater closely misses you. The hellwing hits you!
The hellwing hits you but does no damage.
Your magical essence is drained by the effort!
You feel much better. You block Frances's attack.
The hellwing barely misses you.
The hellwing hits you but does no damage.
The soul eater hits you! The hellwing hits you.
The hellwing hits you but does no damage.
You are too injured to fight recklessly!
You are too injured to fight recklessly!
You are too injured to fight recklessly!
You are too injured to fight recklessly!
You are too injured to fight recklessly!
You are too injured to fight recklessly!
You are too injured to fight recklessly!
You are too injured to fight recklessly!
You are too injured to fight recklessly!
You are too injured to fight recklessly!
You are too injured to fight recklessly!
You are too injured to fight recklessly!
You are too injured to fight recklessly!
You are too injured to fight recklessly!
You are too injured to fight recklessly!
You are too injured to fight recklessly!
You block Frances's attack. The hellwing hits you.
The hellwing barely misses you. Frances hits you with a +0 long sword!
* * * LOW HITPOINT WARNING * * *
The hellwing hits you.
* * * LOW HITPOINT WARNING * * *
The hellwing hits you!
* * * LOW HITPOINT WARNING * * *
You block the soul eater's attack. Frances hits you with a +0 long sword!
* * * LOW HITPOINT WARNING * * *
You block the hellwing's attack.
The hellwing hits you but does no damage.
The soul eater hits you!!
* * * LOW HITPOINT WARNING * * *
The hellwing hits you.
* * * LOW HITPOINT WARNING * * *
The hellwing hits you but does no damage.
Frances completely misses you. The hellwing barely misses you.
The hellwing hits you.
The hellwing hits you but does no damage.
You block the hellwing's attack.
The soul eater draws from the surrounding life force!
You die...

, * ** * ,, ..... ...., ,
* ,....####.... , , ,
............* ,* ,, ,, ,,
++ #...........,* ,, ,,
,#........... , , * ,..
#.........# * *
,....#..4@.....# , ,,
,#.....#..@3?....#, , ,, ,
, .......4.......# , ≈≈
≈≈≈≈≈8.........# , ≈ ≈ ≈
≈≈≈≈8≈......<..# ,
##########+.≈≈.........# ,
,,
.)).......#.≈≈.........#,
,,*
.).......)##≈≈.........# ,
8)...[.)))....|........#,,
, *,
.........)##≈≈)##+###..#
,,,


You could see Frances (fast, strong), a soul eater (summoned) and 2 hellwings.

Vanquished Creatures
  Erolcha (D:10)
  Harold (D:8)
  Erica (D:8)
  A centaur warrior (D:11)
  5 two-headed ogres
  An unseen horror (D:11)
  Pikel (D:5)
  An orc knight (Bailey)
  An ugly thing (D:11)
  A manticore (D:11)
  A cyclops (D:11)
  Maggie (D:9)
  4 trolls
  2 hippogriffs
  Sigmund (D:2)
  2 shadows (D:11)
  Eustachio (D:5)
  A wyvern (D:10)
  A vampire (D:11)
  4 yaks (D:9)
  A water moccasin (D:8)
  4 sky beasts
  18 orc warriors
  A phantom (D:5)
  3 black bears
  5 ice beasts
  9 ogres
  10 centaurs
  An eye of draining (D:10)
  4 lemures (D:5)
  3 big kobolds
  9 bullfrogs
  A wyvern zombie (D:10)
  2 scorpions
  11 wights
  2 howler monkeys
  2 bullfrog zombies
  2 centaur zombies
  4 hounds
  15 orc wizards
  A centaur skeleton (D:10)
  9 orc priests
  A jelly (D:9)
  2 iguanas
  8 worker ants
  Terence (D:2)
  Robin (D:2)
  3 worker ant zombies
  8 adders
  2 howler monkey skeletons
  7 gnolls
  3 shadow imps
  3 oozes
  3 adder skeletons
  2 adder zombies (D:5)
  A worm (D:3)
  2 dart slugs
  9 leopard geckos
  55 orcs
  3 ball pythons
  4 giant cockroaches
  11 goblins
  7 hobgoblins
  14 jackals
  3 quokkas
  A bat (D:3)
  6 frilled lizards
  A jackal skeleton (D:4)
  2 jackal zombies (D:5)
  20 kobolds
  2 quokka skeletons
  2 quokka zombies
  5 rats
  A spectral orc (D:7)
342 creatures vanquished.

Vanquished Creatures (others)
  Fannar (D:10)
  An ufetubus (D:7)
  An orc (D:8)
3 creatures vanquished.

Grand Total: 345 creatures vanquished

Notes
Turn   | Place    | Note
-------+----------+-------------------------------------------
     0 | D:1      | EnegeticOcto the Deep Dwarf Fighter began the quest for the
                  | Orb.
     0 | D:1      | Reached XP level 1. HP: 20/20 MP: 1/1
    74 | D:1      | Reached XP level 2. HP: 22/27 MP: 2/2
   222 | D:2      | Noticed Terence
   232 | D:2      | Killed Terence
   232 | D:2      | Reached skill level 3 in Axes
   232 | D:2      | Reached XP level 3. HP: 28/34 MP: 3/3
   304 | D:2      | Noticed Sigmund
   304 | D:2      | Noticed Robin
   317 | D:2      | Killed Sigmund
   317 | D:2      | Reached skill level 4 in Axes
   317 | D:2      | Reached XP level 4. HP: 18/42 MP: 4/4
   317 | D:2      | Reached XP level 5. HP: 21/49 MP: 5/5
   320 | D:2      | Killed Robin
   385 | D:2      | Reached XP level 6. HP: 37/56 MP: 5/5
   396 | D:2      | Found an opulent altar of Gozag.
   397 | D:2      | Found a shadowy altar of Dithmenos.
   448 | D:2      | Found a glowing golden altar of the Shining One.
   448 | D:2      | Found a glowing silver altar of Zin.
  1505 | D:4      | Reached skill level 5 in Axes
  1711 | D:4      | Reached skill level 5 in Shields
  1711 | D:4      | Reached XP level 7. HP: 52/64 MP: 6/6
  1787 | D:4      | Reached skill level 5 in Armour
  1884 | D:4      | Found a snail-covered altar of Cheibriados.
  1919 | D:4      | Reached skill level 6 in Axes
  2072 | D:5      | Entered Level 5 of the Dungeon
  2142 | D:5      | Noticed Eustachio
  2224 | D:5      | Killed Eustachio
  2224 | D:5      | Reached XP level 8. HP: 39/73 MP: 5/5
  2237 | D:5      | Found a staircase to the Ecumenical Temple.
  2256 | Temple   | Entered the Ecumenical Temple
  2266 | Temple   | Became a worshipper of Makhleb the Destroyer
  2292 | D:5      | Reached skill level 7 in Axes
  2431 | D:5      | Reached skill level 1 in Invocations
  2453 | D:5      | Noticed Pikel
  2469 | D:5      | Killed Pikel
  2469 | D:5      | Reached skill level 5 in Fighting
  2691 | D:5      | Found a sacrificial altar of Ru.
  2766 | D:6      | Reached skill level 8 in Axes
  2777 | D:6      | Reached * piety under Makhleb
  2805 | D:6      | Gained mutation: You passively map the area around you.
                  | [Deep Dwarf growth]
  2805 | D:6      | Reached XP level 9. HP: 38/81 MP: 8/8
  2871 | D:6      | Found a hide-covered altar of Uskayaw.
  2885 | D:6      | Noticed a -2 dagger
  2885 | D:6      | Noticed a +0 dagger
  3400 | D:7      | Reached skill level 9 in Axes
  3512 | D:7      | Found a shimmering blue altar of Sif Muna.
  3574 | D:7      | Reached ** piety under Makhleb
  3647 | D:7      | Found a basalt altar of Yredelemnul.
  3745 | D:7      | Reached skill level 5 in Invocations
  3971 | D:8      | Found a bloodstained altar of Trog.
  4056 | D:8      | Reached XP level 10. HP: 50/91 MP: 10/10
  4125 | D:8      | Noticed Harold
  4144 | D:8      | Killed Harold
  4144 | D:8      | Reached skill level 10 in Axes
  4152 | D:8      | Noticed Erica
  4176 | D:8      | Killed Erica
  4192 | D:8      | Reached *** piety under Makhleb
  4351 | D:8      | Found a staircase to the Lair.
  4446 | D:8      | Found an ornate altar of the Wu Jian Council.
  4659 | D:9      | Found a flagged portal.
  4668 | Bailey   | Entered a bailey
  4767 | Bailey   | Noticed an orc knight
  4789 | Bailey   | Killed an orc knight
  4789 | Bailey   | Reached skill level 11 in Axes
  4797 | Bailey   | Got a transparent war axe
  4798 | Bailey   | Identified the +5 war axe of Balance {holy, rPois rF+ Dex-4
                  | Stlth+} (You found it in a bailey)
  4958 | D:9      | Found a blossoming altar of Fedhas.
  5014 | D:9      | Noticed a two-headed ogre
  5021 | D:9      | Killed a two-headed ogre
  5021 | D:9      | Reached XP level 11. HP: 58/100 MP: 11/11
  5424 | D:9      | Noticed Maggie
  5436 | D:9      | Killed Maggie
  5436 | D:9      | Reached **** piety under Makhleb
  5728 | D:10     | Entered Level 10 of the Dungeon
  6004 | D:10     | Noticed Erolcha
  6004 | D:10     | Noticed a two-headed ogre
  6015 | D:10     | Killed Erolcha
  6018 | D:10     | Killed a two-headed ogre
  6018 | D:10     | Reached skill level 12 in Axes
  6337 | D:10     | Noticed Fannar
  6398 | D:10     | Killed Fannar
  6560 | D:11     | Found Gueweis's Antique Armour Shoppe.
  6568 | D:11     | Bought a runed scarf for 264 gold pieces
  6588 | D:11     | Noticed a cyan ugly thing
  6593 | D:11     | Noticed a two-headed ogre
  6604 | D:11     | Killed a cyan ugly thing
  6617 | D:11     | Killed a two-headed ogre
  6640 | D:11     | Noticed a centaur warrior
  6645 | D:11     | Killed an unseen horror
  6645 | D:11     | Noticed a two-headed ogre
  6652 | D:11     | Killed a centaur warrior
  6652 | D:11     | Reached XP level 12. HP: 71/111 MP: 8/8
  6659 | D:11     | Killed a two-headed ogre
  6945 | D:11     | Reached ***** piety under Makhleb
  7010 | D:11     | Reached skill level 13 in Axes
  7102 | D:12     | Noticed a two-headed ogre
  7107 | D:12     | Killed a two-headed ogre
  7108 | D:12     | Reached skill level 10 in Armour
  7138 | D:12     | Reached skill level 10 in Shields
  7184 | D:12     | Noticed Frances
  7201 | D:12     | HP: 2/112 [soul eater[Frances] (16)]
  7202 | D:12     | Killed from afar by a soul eater

Illustrated notes

Levels and vault maps discovered:
D:1:      dpeg_arrival_houses_and_road, layout_basic
D:2:      layout_rooms, gammafunk_temple_overflow_statue,
          chequers_temple_overflow_statue_of_worship, uniq_robin, uniq_terence,
          uniq_sigmund
D:3:      layout_basic
D:4:      layout_loops_cross, overflow_temple_1_default
D:5:      layout_cave_pools, nicolae_ru_the_path_less_chosen,
          minmay_temple_entry_tees, uniq_pikel, uniq_eustachio
D:6:      layout_rooms, dancing_weapons_uskayaw, grunt_ministairs_14
D:7:      layout_cave_pools, yredelemnul_forgotten_temple_becter,
          corexii_leaking_fountain, grunt_ministairs_11, led_sif_pool
D:8:      wander_river, layout_basic, overflow_temple_1_default,
          kennysheep_mini_moat, uniq_harold, uniq_erica
D:9:      layout_layer_cave, enter_bailey_2, fedhas_ov_isle_minmay, uniq_maggie
D:10:     layout_basic, uniq_erolcha, uniq_fannar
D:11:     layout_rooms, serial_shops,
          nicolae_shop_temple_entry_statues_fountains
D:12:     layout_irregular_city, erik_orc_2, gammafunk_ghost_abyssal_escape,
          minmay_strange_pillars, minmay_hedge_maze, st_stairs_1, uniq_frances
Temple:   nicolae_temple_hex_pool

Skill      XL: |  1  2  3  4  5  6  7  8  9 10 11 12 |
---------------+-------------------------------------+-----
Fighting       | 3 4 5 6 7 8 |  8.5
Axes           | 3 4 5 6 8 9 11 12 13 | 13.1
Armour         | 4 5 6 7 8 9 10 | 10.0
Shields        | 4 5 6 7 8 9 10 | 10.0
Invocations    | 3 5 7 9 |  9.7

Action                   |  1- 3 |  4- 6 |  7- 9 | 10-12 || total
-------------------------+-------+-------+-------+-------++-------
Melee: War axe           |    57 |   152 |   484 |   180 ||   873
       Broad axe         |       |       |       |   318 ||   318
 Abil: Heal Wounds       |     1 |     8 |    14 |    37 ||    60
Evoke: Wand              |       |       |       |     6 ||     6
  Use: Scroll            |       |     7 |     9 |     8 ||    24
 Stab: Distracted        |       |       |       |     1 ||     1
Armor: Scale mail        |    25 |    81 |   122 |       ||   228
       Plate armour      |       |       |   170 |   310 ||   480
       Chain mail        |       |       |    13 |       ||    13
Dodge: Dodged            |    24 |    63 |   149 |   135 ||   371
Block: Kite shield       |    42 |   105 |   320 |   394 ||   861

Table legend: (Time is in decaauts)
 A = Elapsed time spent in this place.
 B = Non-inter-level travel time spent in this place.
 C = Inter-level travel time spent in this place.
 D = Time resting spent in this place.
 E = Time spent auto-exploring this place.
 F = Levels seen in this place.
 G = Mean time per level.
                   A        B        C        D        E       F      G
               +--------+--------+--------+--------+--------+-----+--------+
         Total |   7449 |   7126 |    323 |      0 |   4715 |  14 |  532.1 |
       Dungeon |   7251 |   6937 |    314 |      0 |   4711 |  12 |  604.2 |
        Temple |     20 |     11 |      9 |      0 |      4 |   1 |   20.0 |
        Bailey |    177 |    177 |      0 |      0 |      0 |   1 |  177.0 |
               +--------+--------+--------+--------+--------+-----+--------+

Top non-repeatable levels by time:
     D:9: 952 daAuts
    D:10: 838 daAuts
     D:8: 774 daAuts
     D:3: 724 daAuts
     D:5: 705 daAuts
     D:4: 607 daAuts
     D:7: 605 daAuts
     D:2: 596 daAuts
     D:6: 577 daAuts
    D:11: 536 daAuts
     D:1: 229 daAuts
  Bailey: 177 daAuts
    D:12: 103 daAuts
  Temple: 20 daAuts
